 Dungeon Crawl Stone Soup version 0.31-a0-1547-g618ab1f346 (webtiles) character file.

Game seed: 161835746268358518

33 Flugkiller the Insei (level 3, -1/24 HPs)
             Began as an Octopode Shapeshifter on Jan 2, 2024.
             Slain by a gnoll
             ... wielding a +0 flail
              (2 damage)
             ... on level 2 of the Dungeon.
             The game lasted 00:01:11 (222 turns).

Flugkiller the Insei (Octopode Shapeshifter)         Turns: 222, Time: 00:01:11

Health: -1/24      AC:  1    Str: 13    XL:     3   Next: 29%
Magic:  3/3        EV: 13    Int: 12    God:
Gold:   60         SH:  0    Dex: 13    Spells: 1/2 levels left

rFire   . . .        i - +2 hand axe (flame)
rCold   . . .        (no shield)
rNeg    . . .        (helmet currently unavailable)
rPois   .            (no amulet)
rElec   .            (no ring)
rCorr   .            (no ring)
SInv    .            (no ring)
Will    .....        (no ring)
Stlth   ++           (no ring)
HPRegen 0.24/turn    (no ring)
MPRegen 0.08/turn    (no ring)
                     (no ring)

%: no passive effects
@: beast-form
A: beast (slay +1), almost no armour, amphibious, 8 rings, camouflage 1,
gelatinous body 1, (nimble swimmer 1), tentacles
a: Begin Untransformation


You were on level 2 of the Dungeon.
You were a hulking beast.
You visited 1 branch of the dungeon, and saw 2 of its levels.

You collected 60 gold pieces.

Inventory:

Hand Weapons
 i - a +2 hand axe of flaming (weapon)
   (You found it on level 1 of the Dungeon)
Talismans
 b - a beast talisman
 c - a flux talisman
Scrolls
 e - a scroll of poison {unknown}
 g - a scroll of identify {unknown}
Potions
 a - 2 potions of lignification
 d - a potion of brilliance {unknown}
 f - a potion of resistance {unknown}
 h - a potion of enlightenment {unknown}


   Skills:
 + Level 2.0 Fighting
 - Level 2.0 Dodging
 + Level 3.4 Unarmed Combat
 + Level 3.3 Shapeshifting


You had one spell level left.
You knew the following spells:

 Your Spells              Type           Power      Damage    Failure   Level
q - Apportation           Tloc           0%         N/A       32%         1

Your spell library contained the following spells:

 Spells                   Type           Power      Damage    Failure   Level
 Necrotise                Necr           0%         1d4       32%         1
 Sting                    Conj/Alch      0%         1d3       32%         1
 Summon Small Mammal      Summ           0%         N/A       32%         1


Dungeon Overview and Level Annotations

Branches:
Dungeon (2/15) Zot: 11777

Altars:


Innate Abilities, Weirdness & Mutations

You are a hulking beast.
Your limbs bulge with bestial killing power. (Slay +1)
You cannot wear most types of armour.
You are amphibious.
You can wear up to eight rings at the same time.
Your skin changes colour to match your surroundings (Stealth+).
Your rubbery body absorbs attacks. (AC +1, EV +1)
((You are camouflaged when in or above water. (Stealth+)))
You have tentacles for arms and can constrict up to eight enemies at once.


Message History

A goblin comes into view. It is wielding a +0 dagger of speed.
The goblin shouts!
The endoplasm hits you.
The goblin moves out of view.
You tentacle-slap the endoplasm.
The endoplasm is moderately wounded.
The endoplasm closely misses you.
You bludgeon the endoplasm!
You kill the endoplasm!
Casting: Apportation (safe; 32% risk of failure)
Confirm with . or Enter, or press ? or * to list all spells.
You don't know that spell.
Unknown command.
The goblin hits you with a +0 dagger of speed.
You barely miss the goblin. Your grab misses the goblin.
A giant cockroach comes into view.
The goblin hits you with a +0 dagger of speed.
You tentacle-slap the goblin.
You kill the goblin!
Things that are here:
a +0 dagger of speed; a goblin corpse You see here a potion of lignification.
a - 2 potions of lignification (gained 1)
The giant cockroach bites you.
You tentacle-slap the giant cockroach. Your grab misses the giant cockroach.
The giant cockroach is severely wounded.
The giant cockroach closely misses you.
You tentacle-slap the giant cockroach.
You kill the giant cockroach!
No target in view!
No target in view!
Things that are here:
a +0 dagger of speed; a goblin corpse
Okay, then.
Your +2 hand axe of flaming bursts into flame!
i - a +2 hand axe of flaming (weapon)
There is a stone staircase leading down here.
You climb downwards.
Found 9 gold pieces.
There is a stone staircase leading up here.
The bat closely misses you.
You slash the bat! You burn the bat.
You kill the bat!
No target in view!
There is a stone staircase leading up here.
You now have 55 gold pieces (gained 4).
You now have 60 gold pieces (gained 5).
A ball python comes into view.
The ball python hisses angrily.
The ball python misses you. The ball python closely misses you.
You hit the ball python. You burn the ball python. You grab the ball python.
The ball python is heavily wounded.
You constrict the ball python. The ball python misses you.
The ball python grabs you. The ball python constricts you.
The ball python closely misses you. The ball python constricts you.
You hit the ball python. You burn the ball python.
You kill the ball python!
You have reached level 3!
Your experience leads to an increase in your attributes!
Increase (S)trength, (I)ntelligence, or (D)exterity?
You feel agile. x2
A gnoll comes into view. It is wielding a +0 flail.
The gnoll shouts!
You hear a shout! x7
Unknown command.
Casting: Apportation (safe; 32% risk of failure)
Confirm with . or Enter, or press ? or * to list all spells.
You don't know that spell.
Unknown command.
A hobgoblin comes into view.
A gnoll comes into view. It is wielding a +0 whip.
A goblin comes into view. It is wielding a +0 dagger.
You closely miss the gnoll. Your grab misses the gnoll.
The gnoll closely misses you.
You closely miss the gnoll. You grab the gnoll. You constrict the gnoll.
The gnoll hits you with a +0 flail!
A hobgoblin comes into view.
A gnoll comes into view. It is wielding a +0 flail.
The gnoll barely misses you.
You hit the gnoll but do no damage. You constrict the gnoll.
A gnoll comes into view. It is wielding a +0 spear.
The gnoll hits you with a +0 flail!
A goblin comes into view. It is wielding a +0 dagger.
The goblin shouts!
You hit the gnoll. You burn the gnoll. You squeeze the gnoll.
You kill the gnoll!
You hear a shout! x2
A goblin comes into view. It is wielding a +0 dagger.
Your Fighting skill increases to level 2!
You hit the gnoll. You burn the gnoll. Your grab misses the gnoll.
The gnoll is moderately wounded.
The gnoll hits you with a +0 flail.
* * * LOW HITPOINT WARNING * * *
A goblin comes into view. It is wielding a +0 club.
You hit the gnoll but do no damage. Your grab misses the gnoll.
You squeeze the gnoll.
The gnoll is heavily wounded.
The gnoll hits you with a +0 flail.
* * * LOW HITPOINT WARNING * * *
A goblin comes into view. It is wielding a +0 club.
The gnoll hits you with a +0 flail.
You die...

#g #.. gg g.
g###### gg#.. #
#g#.#####.#
.##.##h#.......#
.............#
.#
#.##.##.#.##.#
.#
#.........##.#
###
......#.......#
#.! ..
##.........#..#
#.# .#
#.####.......#
#.##.# #.
#####.### #.#..
# #.#


You could see 2 gnolls, a hobgoblin and 5 goblins.

Vanquished Creatures
  A gnoll (D:2)
  A dart slug (D:1)
  An endoplasm (D:1)
  2 giant cockroaches (D:1)
  A goblin (D:1)
  3 jackals (D:1)
  3 ball pythons
  5 bats
  2 kobolds (D:1)
19 creatures vanquished.

Notes
Turn   | Place    | Note
-------+----------+-------------------------------------------
     0 | D:1      | Flugkiller the Octopode Shapeshifter began the quest for
                  | the Orb.
     0 | D:1      | Reached XP level 1. HP: 13/13 MP: 1/1
    54 | D:1      | Reached XP level 2. HP: 18/18 MP: 2/2
   101 | D:1      | Learned a level 1 spell: Apportation
   212 | D:2      | Reached XP level 3. HP: 23/24 MP: 3/3
   222 | D:2      | HP: 1/24 [gnoll/+0 flail (4)]
   222 | D:2      | Slain by a gnoll

Illustrated notes

Levels and vault maps discovered:
D:1:      lightli_molten_gateway, layout_rooms, minmay_heptomino_w4
D:2:      layout_loops_cross, uniq_robin, uniq_crazy_yiuf_cottage

Skill      XL: |  1  2  3 |
---------------+----------+-----
Fighting       | 2 |  2.0
Dodging        | |  2.0
Unarmed Combat | |  3.4
Shapeshifting  | |  3.3

Action                     || total
---------------------------++-------
  Melee: Unarmed           ||    32
         Constrict         ||    10
         Tentacles         ||     5
         Hand axe          ||     9
         Punch             ||     1
   Stab: Sleeping          ||     1
 Armour: Skin              ||    19
  Dodge: Dodged            ||    30

Table legend: (Time is in decaauts)
 A = Elapsed time spent in this place.
 B = Non-inter-level travel time spent in this place.
 C = Inter-level travel time spent in this place.
 D = Time resting spent in this place.
 E = Time spent auto-exploring this place.
 F = Levels seen in this place.
 G = Mean time per level.
                   A        B        C        D        E       F      G
               +--------+--------+--------+--------+--------+-----+--------+
         Total |    221 |    221 |      0 |      0 |      0 |   2 |  110.5 |
       Dungeon |    221 |    221 |      0 |      0 |      0 |   2 |  110.5 |
               +--------+--------+--------+--------+--------+-----+--------+

Top non-repeatable levels by time:
     D:1: 142 daAuts
     D:2: 78 daAuts
